 Dungeon Crawl Stone Soup version 0.25.1-2-g60ff931df9 (webtiles) character file.

Game seed: 5799054818683525032

120 lepoulpe303 the Ducker (level 4, -1/24 HPs)
             Began as a Spriggan Monk on Aug 14, 2020.
             Slain by an iguana (14 damage)
             ... on level 2 of the Dungeon.
             The game lasted 00:09:50 (2987 turns).

lepoulpe303 the Ducker (Spriggan Monk)              Turns: 2987, Time: 00:09:51

Health: -1/24      AC:  2    Str:  8    XL:     4   Next: 75%
Magic:  5/5        EV: 21    Int: 11    God:
Gold:   64         SH:  0    Dex: 18    Spells: 3/3 levels left

rFire    . . .     SeeInvis +   a - +0 short sword
rCold    . . .     Gourm    .   (shield restricted)
rNeg     . . .     Faith    .   i - +0 robe
rPois    .         Spirit   .   (helmet restricted)
rElec    .         Reflect  .   (no cloak)
rCorr    .         Harm     .   (gloves unavailable)
MR       .....                  (boots unavailable)
Stlth    +++.......             g - amulet of the acrobat
HPRegen  0.08/turn              (no ring)
MPRegen  0.09/turn              (no ring)

@: very quick
A: very small, unfitting armour, see invisible, herbivore, speed 3, slow
metabolism 2
a: no special abilities


You were on level 2 of the Dungeon.
You were not hungry.

You visited 1 branch of the dungeon, and saw 2 of its levels.

You collected 64 gold pieces.

Inventory:

Hand Weapons
 a - a +0 short sword (weapon)
 b - a +0 hunting sling
Missiles
 l - 12 sling bullets
 Q - 36 stones (quivered)
Armour
 i - a +0 robe (worn)
Jewellery
 g - an amulet of the acrobat (around neck)
Scrolls
 f - a scroll of fog
 h - a scroll of fear {unknown}
 k - a scroll of remove curse {unknown}
 t - a scroll of teleportation
Potions
 c - a potion of heal wounds {unknown}
 d - a potion of brilliance {unknown}
 j - a potion of might {unknown}
Comestibles
 e - 4 rations


   Skills:
 + Level 3.0 Fighting
 + Level 4.0 Short Blades
 + Level 1.2 Armour
 + Level 5.3 Dodging
 + Level 4.4 Stealth


You had 3 spell levels left.
You didn't know any spells.
Your spell library was empty.

Dungeon Overview and Level Annotations

Branches:
Dungeon (2/15)

Altars:


Innate Abilities, Weirdness & Mutations

You are very small and have problems with some larger weapons.
You are too small for most types of armour.
You have supernaturally acute eyesight. (SInv)
You are a herbivore.
You cover ground extremely quickly.
You need to consume almost no food.


Message History

The giant cockroach closely misses you.
You hit the giant cockroach.
You kill the giant cockroach!
You see here a giant cockroach corpse.
f - a scroll of fog;
l - 12 sling bullets An iguana comes into view.
An iguana is nearby!
The iguana hisses angrily.
You hit the iguana. You hit the iguana. The iguana barely misses you.
You hit the iguana. The iguana bites you!
* * * LOW HITPOINT WARNING * * *
You take 11 damage, and have 13/24 hp.
MASSIVE DAMAGE!!
You closely miss the iguana. The iguana completely misses you.
You barely miss the iguana. The iguana closely misses you.
You completely miss the iguana. The iguana misses you.
You hit the iguana but do no damage. The iguana bites you!
Ouch! That really hurt!
You die...

#.### #.# #..#
# #†# #.#
#..### # #.#
#.# #....## ##
#.# #.#
##....####.
#.# #.#
#.......). #.#
##...####. #.#
# ##.######
#.##########.#
#.......
#.........@l.#
########
##############
#


You could see an iguana.

Levels and vault maps discovered:
D:1:      evilmike_arrival_fibonacci_small, layout_rooms,
          chequers_serial_rivers_marsh
D:2:      layout_loops_ring

Notes
Turn   | Place    | Note
-------+----------+-------------------------------------------
     0 | D:1      | lepoulpe303 the Spriggan Monk began the quest for the Orb.
     0 | D:1      | Reached XP level 1. HP: 11/11 MP: 2/2
   238 | D:1      | Identified a +0 club
   239 | D:1      | Identified a +0 whip
   257 | D:1      | Reached XP level 2. HP: 16/16 MP: 3/3
   387 | D:1      | Identified a +0 short sword
   391 | D:1      | Identified a +0 club
   651 | D:1      | Identified a +0 club
   877 | D:1      | Identified a +0 club
   905 | D:1      | Reached XP level 3. HP: 12/19 MP: 4/4
  1235 | D:1      | Identified a +0 whip
  1236 | D:1      | Identified a +0 dagger
  1405 | D:1      | Identified a scroll of blinking
  1406 | D:1      | Identified a scroll of teleportation
  1407 | D:1      | Identified a scroll of fog
  1436 | D:2      | Identified a +0 mace
  1436 | D:2      | Identified a +0 chain mail
  1436 | D:2      | Identified a +0 dagger
  1436 | D:2      | Identified a +0 robe
  1436 | D:2      | Identified a +0 dagger
  1436 | D:2      | Identified a +0 robe
  1436 | D:2      | Identified a +0 whip
  1450 | D:1      | Reached skill level 1 in Armour
  1450 | D:1      | Reached skill level 5 in Dodging
  1450 | D:1      | Reached skill level 4 in Stealth
  1450 | D:1      | Reached XP level 4. HP: 7/23 MP: 5/5
  2293 | D:1      | Identified an amulet of the acrobat (You found it on level
                  | 1 of the Dungeon)
  2508 | D:2      | Identified a +0 club
  2573 | D:2      | Identified a +0 dagger
  2639 | D:2      | Identified a +0 club
  2662 | D:2      | Reached skill level 4 in Short Blades
  2717 | D:2      | Reached skill level 3 in Fighting
  2764 | D:2      | Identified a +0 club
  2764 | D:2      | Identified a +0 hunting sling
  2987 | D:2      | Slain by an iguana

Table legend:
 A = Turns spent in this place as a percentage of turns spent in the entire game.
 B = Non-inter-level travel turns spent in this place as a percentage of non-inter-level travel turns spent in the entire game.
 C = Inter-level travel turns spent in this place as a percentage of turns spent in this place.
 D = Turns resting spent in this place as a percentage of non-inter-level travel turns spent in this place.
 E = Turns spent auto-exploring this place as a percentage of non-inter-level travel turns spent in this place.
 F = Non-inter-level travel turns spent in this place divided by the number of levels of this place that you've seen.
                   A       B       C       D       E      F
               +-------+-------+-------+-------+-------+----------------------
         Total | 100.0 | 100.0 |   1.6 |  50.6 |  27.7 | 1469.0
       Dungeon | 100.0 | 100.0 |   1.6 |  50.6 |  27.7 | 1469.0
               +-------+-------+-------+-------+-------+----------------------

Table legend:
 A = Kills in this place as a percentage of kills in entire the game.
 B = Kills by you in this place as a percentage of kills by you in the entire game.
 C = Kills by friends in this place as a percentage of kills by friends in the entire game.
 D = Other kills in this place as a percentage of other kills in the entire game.
 E = Experience gained in this place as a percentage of experience gained in the entire game.
 F = Experience gained in this place divided by the number of levels of this place that you have seen.
                   A       B       C       D       E      F
               +-------+-------+-------+-------+-------+----------------------
         Total | 100.0 | 100.0 |   N/A |   N/A | 100.0 |  86.0
       Dungeon | 100.0 | 100.0 |   N/A |   N/A | 100.0 |  86.0
               +-------+-------+-------+-------+-------+----------------------

Skill      XL: |  1  2  3  4 |
---------------+-------------+-----
Armour         | 1 |  1.2
Dodging        | 5 |  5.3
Stealth        | 4 |  4.4
Short Blades   | 4 |  4.0
Fighting       | 3 |  3.0

Action                   |  1- 3 |  4- 6 || total
-------------------------+-------+-------++-------
Melee: Short sword       |   160 |    86 ||   246
Throw: Stone             |     4 |    27 ||    31
  Use: Scroll            |     3 |       ||     3
 Stab: Sleeping          |     2 |     6 ||     8
Armor: Robe              |    14 |     4 ||    18
Dodge: Dodged            |   133 |    53 ||   186

Vanquished Creatures
  2 orc wizards (D:1)
  An ooze (D:1)
  A worm (D:2)
  3 dart slugs
  A leopard gecko (D:1)
  2 orcs
  3 bats
  4 giant cockroaches
  4 goblins
  8 hobgoblins
  A quokka (D:2)
  A ball python (D:1)
  5 frilled lizards
  8 kobolds
  6 rats
50 creatures vanquished.
